 Dungeon Crawl Stone Soup version 0.30-a0-936-ge0d47acfc0 (webtiles) character file.

Game seed: 60247906859440491

16043 Delarado the Grappler (level 12, -5/87 HPs)
             Began as an Octopode Fighter on Feb 4, 2023.
             Was an Elder of Okawaru.
             Slain by a troll (14 damage)
             ... led by an orc warlord
             ... on level 1 of the Orcish Mines on Mar 24, 2023.
             The game lasted 01:47:29 (13339 turns).

Delarado the Grappler (Octopode Fighter)           Turns: 13339, Time: 01:47:30

Health: -5/87      AC:  3    Str: 21    XL:     12   Next: 33%
Magic:  13/13      EV: 21    Int: 18    God:    Okawaru [****..]
Gold:   220        SH:  4    Dex: 11    Spells: 11/13 levels left

rFire   + + +      SeeInvis +      - Unarmed
rCold   + . .      Faith    .    a - +0 buckler
rNeg    . . .      Spirit   .    y - +2 hat of Too Many Cooks {Contam Fly rF+++ Str+2}
rPois   .          Reflect  .    c - amulet of regeneration
rElec   .          Rampage  .    m - ring of protection from fire
rCorr   .                        r - ring of protection from cold
Will    .....                    s - ring of see invisible
Stlth   +++                      g - +5 ring of evasion
HPRegen 1.14/turn                v - +6 ring of intelligence
MPRegen 0.13/turn                (no ring)
                                 (no ring)
                                 (no ring)

@: about to teleport, flying
A: almost no armour, amphibious, 8 rings, camouflage 1, gelatinous body 1,
(nimble swimmer 1), tentacles
a: Renounce Religion, Heroism, Finesse


You were on level 1 of the Orcish Mines.
You worshipped Okawaru.
Okawaru was greatly pleased with you.
You visited 4 branches of the dungeon, and saw 13 of its levels.

You collected 724 gold pieces.
You spent 504 gold pieces at shops.

Inventory:

Missiles
 e - 40 poisoned darts
 h - 151 stones
 u - a boomerang (quivered)
 x - a throwing net
 C - a curare-tipped dart
Armour
 a - a +0 buckler (worn)
 y - the +2 hat of Too Many Cooks (worn) {Contam Fly rF+++ Str+2}
   (You acquired it on level 9 of the Dungeon)

   Str:       It affects your strength (+2).
   rF:        It renders you almost immune to fire.
   Fly:       It grants you flight.
   Contam:    It causes magical contamination when unequipped.
Jewellery
 c - an amulet of regeneration (around mantle)
 g - a +5 ring of evasion (on tentacle)
 m - a ring of protection from fire (left tentacle)
 r - a ring of protection from cold (right tentacle)
 s - a ring of see invisible (on tentacle)
 v - a +6 ring of intelligence (on tentacle)
 B - an amulet of magic regeneration
Wands
 o - a wand of digging (10)
 p - a wand of mindburst (5)
 t - a wand of charming (2)
Scrolls
 b - a scroll of vulnerability {unknown}
 f - a scroll of teleportation
 i - 3 scrolls of immolation
 j - 3 scrolls of fog
 k - 4 scrolls of magic mapping
 D - a scroll of torment
 F - a scroll of fear {unknown}
 G - a scroll of blinking {unknown}
Potions
 d - 2 potions of cancellation
 l - 5 potions of flight
 q - 4 potions of invisibility
 w - 4 potions of curing
 z - 2 potions of lignification {unknown}
 A - a potion of resistance {unknown}
 E - a potion of might


   Skills:
 * Level 10.1 Fighting
 + Level 4.5 Throwing
 * Level 10.1 Dodging
 - Level 4.0 Stealth
 - Level 4.2 Shields
 - Level 13.0 Unarmed Combat
 + Level 1.3 Spellcasting
 - Level 1.0 Transmutations
 - Level 1.0 Earth Magic


You had 11 spell levels left.
You knew the following spells:

 Your Spells              Type           Power      Damage    Failure   Level
a - Passwall              Tmut/Erth      3%         N/A       26%         2

Your spell library contained the following spells:

 Spells                   Type           Power      Damage    Failure   Level
 Sandblast                Erth           8%         2d5       17%         1
 Foxfire                  Conj/Fire      4%         2x1d4     26%         1
 Kiss of Death            Conj/Necr      4%         2d5       26%         1
 Magic Dart               Conj           4%         1d3       26%         1
 Blink                    Tloc           2%         N/A       36%         2
 Stone Arrow              Conj/Erth      4%         3d7       52%         3
 Ignite Poison            Fire/Tmut/Pois 2%         N/A       54%         3
 Confusing Touch          Hex            1%         N/A       58%         3
 Mephitic Cloud           Conj/Pois/Air  1%         N/A       58%         3
 Dispel Undead            Necr           1%         3d6       94%         4
 Manifold Assault         Tloc           1%         N/A       94%         4
 Sticky Flame             Conj/Fire      1%         2d3       94%         4
 Fireball                 Conj/Fire      0%         3d3       100%        5
 Starburst                Conj/Fire      0%         6d3       100%        6
 Storm Form               Tmut/Air       1%         N/A       100%        7
 Ignition                 Fire           0%         3d3       100%        8
 Summon Small Mammal      Summ           Unusable   N/A       N/A         1
 Call Imp                 Summ           Unusable   N/A       N/A         2
 Call Canine Familiar     Summ           Unusable   N/A       N/A         3
 Summon Guardian Golem    Hex/Summ       Unusable   N/A       N/A         3

Dungeon Overview and Level Annotations

Branches:
Dungeon (9/15)             Temple (1/1) D:7            Lair (2/5) D:8
    Orc (1/2) D:9
  Swamp: Lair:2-3    Shoals: Lair:2-3     Snake: Lair:2-3    Spider: Lair:2-3

Altars:
Ashenzari
Cheibriados
Dithmenos
Elyvilon
Fedhas
Gozag
Hepliaklqana
Kikubaaqudgha
Nemelex Xobeh
Okawaru
Qazlal
Ru
Sif Muna
Trog
Vehumet
Wu Jian
Xom
Yredelemnul
Zin
The Shining One

Shops:
D:5 (   D:6 (   D:8 =

Annotations:
D:9 2 exclusions, Gastronok
Lair:1 1 exclusion


Innate Abilities, Weirdness & Mutations

You cannot wear most types of armour.
You are amphibious.
You can wear up to eight rings at the same time.
Your skin changes colour to match your surroundings (Stealth+).
Your rubbery body absorbs attacks. (AC +1, EV +1)
((You are camouflaged when in or above water. (Stealth+)))
You have tentacles for arms and can constrict up to eight enemies at once.


Message History

You block the orc warrior's attack.
You tentacle-slap the orc warrior but do no damage.
Your grab misses the orc warrior.
The orc warrior is heavily wounded.
The troll bites you. The troll completely misses you.
You block the troll's attack. The orc warrior barely misses you.
The orc warrior completely misses you.
You tentacle-slap the orc warrior but do no damage.
Your grab misses the orc warrior.
The orc warrior is heavily wounded.
The troll completely misses you. The troll claws you!
The troll completely misses you.
The orc warrior hits you with a +0 glaive.
The orc warrior completely misses you.
As you read the scroll of teleportation, it crumbles to dust.
You feel strangely unstable. The troll bites you. The troll closely misses you.
The troll misses you. The orc warrior misses you.
The orc completely misses you. You block the orc warrior's attack.
Okay, then.
You feel much better. You block the troll's attack.
The troll closely misses you. The troll completely misses you.
The orc barely misses you. You block the orc warrior's attack.
The orc warrior hits you with a +0 hand axe!
You bludgeon the orc warrior! You grab the orc warrior.
You squeeze the orc warrior.
The orc warrior is almost dead.
You constrict the orc warrior, but do no damage.
You block the troll's attack. The troll claws you! x2
* * * LOW HITPOINT WARNING * * *
The orc completely misses you. The orc warrior closely misses you.
The orc warrior hits you with a +0 hand axe!
* * * LOW HITPOINT WARNING * * *
Okay, then.
You feel better.
You constrict the orc warrior.
You kill the orc warrior!
Okawaru accepts your kill. The orc barely misses you. The troll bites you!
* * * LOW HITPOINT WARNING * * *
The troll claws you!
You die...

..... .....
>..... ......
#.....####
#......#.#####
#........##.##
##....<#.#)).##
#...oo@T)#)..#
......$##o##).##
....... ##.##..#
....... ## ..#
....... ...
....... ....
......> .....
..$...


You could see a troll, 2 orc warriors and an orc.

Vanquished Creatures
  An orc warlord (Orc:1)
  2 two-headed ogres (D:8)
  An orc sorcerer (Orc:1)
  Joseph (D:9)
  A black mamba (Lair:1)
  6 cane toads
  A komodo dragon (Lair:1)
  3 kobold demonologists
  A troll (D:9)
  4 blink frogs
  A wyvern (Lair:2)
  Sigmund (D:6)
  18 yaks
  A steam dragon (D:8)
  4 vampire mosquitoes (D:8)
  An acid dragon (D:7)
  10 water moccasins
  Duvessa (D:5)
  An ice beast (D:6)
  3 orc warriors
  3 black bears
  An ogre (D:7)
  8 wolves
  3 phantoms (D:5)
  6 kobold brigands
  8 bullfrogs
  A gnoll sergeant (D:7)
  A scorpion (D:6)
  8 wights
  Dowan (D:5)
  4 killer bees (D:9)
  4 jellies
  2 gnoll boudas
  8 orc priests
  2 hounds (D:4)
  Ijyb (D:5)
  Terence (D:3)
  11 orc wizards
  2 iguanas
  26 gnolls
  7 adders
  2 shadow imps
  A white imp (D:6)
  2 worms
  2 dart slugs
  33 orcs
  5 endoplasms
  2 giant cockroaches
  8 goblins
  9 hobgoblins
  42 kobolds
  3 quokkas
  3 ball pythons
  6 bats
  2 frilled lizards
  4 rats
294 creatures vanquished.

Vanquished Creatures (others)
  An orc wizard (D:9)
  A kobold (D:8)
  9 fungi
  10 plants
21 creatures vanquished.

Grand Total: 315 creatures vanquished

Notes
Turn   | Place    | Note
-------+----------+-------------------------------------------
     0 | D:1      | Delarado the Octopode Fighter began the quest for the Orb.
     0 | D:1      | Reached XP level 1. HP: 16/16 MP: 1/1
   255 | D:1      | Reached XP level 2. HP: 21/21 MP: 2/2
   635 | D:1      | Reached skill level 3 in Unarmed Combat
  1019 | D:2      | Reached XP level 3. HP: 23/26 MP: 3/3
  1250 | D:2      | Reached skill level 4 in Unarmed Combat
  1252 | D:2      | Reached XP level 4. HP: 29/31 MP: 4/4
  1972 | D:3      | Noticed a kobold brigand
  2031 | D:4      | Reached skill level 5 in Unarmed Combat
  2031 | D:4      | Reached XP level 5. HP: 33/36 MP: 5/5
  2631 | D:5      | Entered Level 5 of the Dungeon
  2663 | D:5      | Noticed Duvessa
  2664 | D:5      | Noticed Dowan
  2671 | D:5      | Killed Duvessa
  2672 | D:5      | Reached skill level 6 in Unarmed Combat
  2672 | D:5      | Reached XP level 6. HP: 29/42 MP: 6/6
  2676 | D:5      | Killed Dowan
  2820 | D:5      | Reached skill level 7 in Unarmed Combat
  2849 | D:5      | Found a sacrificial altar of Ru.
  2861 | D:5      | Reached XP level 7. HP: 42/46 MP: 7/7
  3075 | D:5      | Found Lusan's Weapon Boutique.
  3201 | D:5      | Reached skill level 8 in Unarmed Combat
  3832 | D:5      | Noticed Ijyb
  3839 | D:5      | Killed Ijyb
  3840 | D:5      | Reached skill level 9 in Unarmed Combat
  3954 | D:5      | Reached XP level 8. HP: 38/52 MP: 8/8
  4045 | D:5      | Found a shimmering altar of Xom.
  4119 | D:6      | Noticed Sigmund
  4320 | D:6      | Reached skill level 10 in Unarmed Combat
  4430 | D:6      | Found Benyiso Dulo's Antique Weapon Boutique.
  4501 | D:6      | Reached skill level 11 in Unarmed Combat
  4646 | D:5      | Upgraded the game from 0.30-a0-739-gea05faddec to
                  | 0.30-a0-755-g0b50240ab4
  4761 | D:6      | Reached XP level 9. HP: 25/56 MP: 9/9
  5103 | D:7      | Found a staircase to the Ecumenical Temple.
  5251 | D:7      | Found an ancient bone altar of Kikubaaqudgha.
  5441 | D:7      | Found a glowing golden altar of the Shining One.
  5462 | D:7      | Found a broken altar of Ashenzari.
  5595 | D:7      | Found a glowing silver altar of Zin.
  5819 | D:8      | Found a staircase to the Lair.
  5859 | D:8      | Noticed a two-headed ogre
  6007 | D:7      | Upgraded the game from 0.30-a0-755-g0b50240ab4 to
                  | 0.30-a0-883-g5ad918d77d
  6050 | D:8      | Noticed a two-headed ogre
  6306 | D:3      | Found a stormy altar of Qazlal.
  6866 | D:3      | Reached skill level 5 in Dodging
  6896 | D:3      | Reached skill level 5 in Fighting
  6908 | D:3      | Learned a level 2 spell: Passwall
  7124 | D:3      | Noticed Terence
  7129 | D:3      | Killed Terence
  7567 | D:6      | Killed Sigmund
  7568 | D:6      | Reached skill level 1 in Transmutations
  7568 | D:6      | Reached skill level 1 in Earth Magic
  7800 | D:6      | Found an ornate altar of the Wu Jian Council.
  7800 | D:6      | Found a blossoming altar of Fedhas.
  8131 | Lair:1   | Entered Level 1 of the Lair of Beasts
  8131 | Lair:1   | Noticed a cane toad
  8141 | D:8      | Killed a cane toad
  8142 | D:8      | Reached skill level 12 in Unarmed Combat
  8142 | D:8      | Reached XP level 10. HP: 32/68 MP: 10/10
  8314 | D:8      | Found a sparkling altar of Nemelex Xobeh.
  8508 | D:8      | Found a shadowy altar of Dithmenos.
  8841 | D:8      | Killed a two-headed ogre
  8931 | D:8      | Killed a two-headed ogre
  9074 | D:8      | Found Xuoled's Jewellery Shop.
  9083 | D:8      | Bought a +5 ring of evasion for 504 gold pieces
  9096 | D:8      | Found a snail-covered altar of Cheibriados.
  9276 | Temple   | Entered the Ecumenical Temple
  9290 | Temple   | Became a worshipper of Warmaster Okawaru
  9339 | D:9      | Found a staircase to the Orcish Mines.
  9823 | D:9      | Noticed a kobold demonologist
  9977 | D:8      | Upgraded the game from 0.30-a0-883-g5ad918d77d to
                  | 0.30-a0-923-g828ccac5a3
 10025 | D:8      | Reached * piety under Okawaru
 10026 | D:8      | Reached XP level 11. HP: 72/75 MP: 11/11
 10207 | Lair:1   | Identified the +4 mace of Mihem {freeze, rPois rC+ Str+2}
 10244 | Lair:1   | Reached skill level 1 in Throwing
 10490 | Lair:1   | Reached ** piety under Okawaru
 10589 | Lair:1   | Reached skill level 13 in Unarmed Combat
 10902 | Lair:1   | Reached *** piety under Okawaru
 11169 | Lair:1   | Upgraded the game from 0.30-a0-923-g828ccac5a3 to
                  | 0.30-a0-928-g7f6bbad527
 11536 | D:9      | Reached **** piety under Okawaru
 11826 | Lair:1   | Reached XP level 12. HP: 52/86 MP: 9/12
 11987 | Lair:2   | Noticed a catoblepas
 12100 | Lair:2   | Upgraded the game from 0.30-a0-928-g7f6bbad527 to
                  | 0.30-a0-936-ge0d47acfc0
 12865 | D:9      | Identified a scroll of acquirement
 12866 | D:9      | Acquired the +2 hat of Too Many Cooks {Contam Fly rF+++
                  | Str+2}
 12880 | D:9      | Noticed Gastronok
 12895 | D:9      | Noticed Joseph
 12902 | D:9      | Killed Joseph
 13284 | Orc:1    | Entered Level 1 of the Orcish Mines
 13305 | Orc:1    | Noticed an orc warlord
 13318 | Orc:1    | Killed an orc warlord
 13319 | Orc:1    | Reached skill level 10 in Fighting
 13319 | Orc:1    | Reached skill level 10 in Dodging
 13319 | Orc:1    | Reached skill level 1 in Spellcasting
 13339 | Orc:1    | Slain by a troll

Illustrated notes

Levels and vault maps discovered:
D:1:      eino_arrival_water_cross, layout_loops_corners, serial_forest,
          infiniplex_forest_end_2, infiniplex_forest_straight_3,
          infiniplex_forest_lined_3, infiniplex_forest_corner_1,
          infiniplex_forest_clump_curved
D:2:      cheibrodos_old_hovel, layout_rooms
D:3:      minmay_goblin_kobold_castle, layout_rooms,
          nicolae_qazlal_style_of_elements, minmay_misc_feat_rows, uniq_terence
D:4:      layout_loops_ring
D:5:      layout_basic, nicolae_ru_great_annihilating_truth, tgw_xom,
          serial_shops, nicolae_shop_bloodbath_and_beyond, fountainhead,
          minivault_4, hex_large, uniq_duvessa, uniq_ijyb
D:6:      layout_basic, amethyst_overflow_temple_binary, serial_shops,
          nicolae_shop_waterfront, nicolae_figureground_pulse, uniq_sigmund
D:7:      layout_loops_cross, kiku_gazebo_pond_becter, tso_metal_star,
          mainiacjoe_overflow_big_doors, minmay_temple_entry_from_below_b,
          hangedman_decor_points
D:8:      layout_rooms, lemuel_round_altar, grunt_dithmenos_smoke,
          mainiacjoe_overflow_chevrons, minivault_22,
          minmay_shop_enchanted_jewellery, st_stairs_14
D:9:      layout_irregular_city, orc_0_dummy, hellmonk_guarded_unrand_night,
          uniq_gastronok, uniq_joseph
Temple:   hellmonk_temple_rainy
Lair:1:   layout_loops_ring, nicolae_quartered_pool_medium, beast_lair_carwin_2,
          serial_bayou_shore_a, lemuel_fruit_fields, lemuel_fruit_tree
Lair:2:   layout_cave_pods, swamp_mist, guppyfry_snake_entry_garden,
          grunt_megastairs_3, serial_bayou_shore_b, lemuel_fruit_fields
Orc:1:    layout_diamond_mine

Skill      XL: |  1  2  3  4  5  6  7  8  9 10 11 12 |
---------------+-------------------------------------+-----
Unarmed Combat | 3 4 5 6 7 9 11 12 13 | 13.0
Fighting       | 5 7 9 10 | 10.1
Dodging        | 5 7 9 10 | 10.1
Transmutations | 1 |  1.0
Earth Magic    | 1 |  1.0
Stealth        | 3 4 |  4.0
Shields        | 4 |  4.2
Throwing       | 3 4 |  4.5
Spellcasting   | 1 |  1.3

Action                     |  1- 3 |  4- 6 |  7- 9 | 10-12 || total
---------------------------+-------+-------+-------+-------++-------
  Melee: Unarmed           |    67 |    72 |   271 |   330 ||   740
         Constrict         |    15 |    17 |    72 |    52 ||   156
         Tentacles         |    12 |    14 |    73 |    69 ||   168
         Punch             |     1 |     3 |    19 |    34 ||    57
  Throw: Stone             |     3 |     4 |    15 |       ||    22
         Dart              |       |     5 |    33 |   134 ||   172
         Boomerang         |       |       |    41 |    21 ||    62
 Invoke: Heroism           |       |       |       |     3 ||     3
  Evoke: Wand              |       |       |    20 |    35 ||    55
    Use: Scroll            |       |     8 |     5 |     6 ||    19
         Potion            |       |     1 |     1 |     2 ||     4
   Stab: Sleeping          |     5 |     4 |     2 |     2 ||    13
         Distracted        |       |     1 |       |       ||     1
         Paralysed         |       |       |     1 |       ||     1
 Armour: Skin              |     2 |     2 |     4 |    14 ||    22
  Dodge: Dodged            |    30 |    25 |   117 |   268 ||   440
  Block: Buckler           |    10 |    12 |    36 |    62 ||   120

Table legend: (Time is in decaauts)
 A = Elapsed time spent in this place.
 B = Non-inter-level travel time spent in this place.
 C = Inter-level travel time spent in this place.
 D = Time resting spent in this place.
 E = Time spent auto-exploring this place.
 F = Levels seen in this place.
 G = Mean time per level.
                   A        B        C        D        E       F      G
               +--------+--------+--------+--------+--------+-----+--------+
         Total |  13280 |  12278 |   1002 |   2154 |   5244 |  13 | 1021.5 |
       Dungeon |  11370 |  10468 |    902 |   1895 |   4726 |   9 | 1263.3 |
        Temple |     26 |     15 |     11 |      0 |      9 |   1 |   26.0 |
          Lair |   1835 |   1746 |     89 |    253 |    509 |   2 |  917.5 |
  Orcish Mines |     47 |     47 |      0 |      5 |      0 |   1 |   47.0 |
               +--------+--------+--------+--------+--------+-----+--------+

Top non-repeatable levels by time:
     D:9: 1753 daAuts
     D:8: 1703 daAuts
     D:5: 1548 daAuts
  Lair:1: 1453 daAuts
     D:6: 1389 daAuts
     D:3: 1342 daAuts
     D:7: 1222 daAuts
     D:1: 975 daAuts
     D:4: 728 daAuts
     D:2: 706 daAuts
  Lair:2: 381 daAuts
   Orc:1: 47 daAuts
  Temple: 26 daAuts
